 Dungeon Crawl Stone Soup version 0.29.1-15-g9cfb28693d (webtiles) character file.

Game seed: 11088770380304019988

3975 Heoruswealwe the Thaumaturge (level 10, -8/50 HPs)
             Began as a Deep Elf Earth Elementalist on Mar 25, 2023.
             Was an Initiate of Vehumet.
             Mangled by a fire elemental (10 damage)
             ... summoned by a deep elf pyromancer
             ... on level 8 of the Dungeon.
             The game lasted 01:05:29 (5956 turns).

Heoruswealwe the Thaumaturge (DEEE)                 Turns: 5956, Time: 01:05:29

Health: -8/50      AC:  9    Str:  5    XL:     10   Next: 2%
Magic:  25/28      EV: 12    Int: 25    God:    Vehumet [......]
Gold:   418        SH:  0    Dex: 15    Spells: 23/33 levels left

rFire   . . .      SeeInvis .   a - +6 long sword (holy)
rCold   . . .      Faith    .   (no shield)
rNeg    . . .      Spirit   .   c - +0 robe {Will+}
rPois   .          Reflect  .   g - +2 helmet
rElec   .          Harm     .   h - +2 cloak
rCorr   .          Rampage  .   (no gloves)
Will    ++...                   e - +0 pair of boots
Stlth   ++........              (no amulet)
HPRegen 0.16/turn               k - ring of flight
MPRegen 0.21/turn               (no ring)

@: about to teleport, flying
A: no striking features
a: Renounce Religion


You were on level 8 of the Dungeon.
You worshipped Vehumet.
Vehumet was noncommittal.
You visited 2 branches of the dungeon, and saw 9 of its levels.

You collected 418 gold pieces.

Inventory:

Hand Weapons
 a - a +6 long sword of holy wrath (weapon)
 b - a +0 war axe
Armour
 c - a +0 robe of willpower (worn)
 e - a +0 pair of boots (worn)
 g - a +2 helmet (worn)
 h - a +2 cloak (worn)
Jewellery
 k - a ring of flight (left hand)
Wands
 l - a wand of flame (20)
 E - a wand of charming (5)
Scrolls
 n - 2 scrolls of magic mapping
 t - 2 scrolls of amnesia
 x - 2 scrolls of enchant armour {unknown}
 G - 3 scrolls of enchant weapon
Potions
 f - a potion of attraction {unknown}
 i - 3 potions of curing
 m - a potion of resistance {unknown}
 q - a potion of ambrosia {unknown}
 r - 2 potions of brilliance {unknown}
 v - 3 potions of degeneration {unknown}
 z - a potion of mutation {unknown}
 A - a potion of magic
 B - 2 potions of lignification {unknown}
 C - 4 potions of might {unknown}
 D - 2 potions of invisibility {unknown}
 F - 2 potions of flight {unknown}


   Skills:
 - Level 2.4 Dodging
 - Level 2.4 Stealth
 * Level 12.3 Spellcasting
 + Level 7.0 Transmutations
 * Level 10.5 Earth Magic


You had 23 spell levels left.
You knew the following spells:

 Your Spells              Type           Power      Damage    Failure   Level
a - Sandblast             Erth           100%       2d20      1%          1
b - Stone Arrow           Conj/Erth      82%        3d12      1%          3
c - Petrify               Tmut/Erth      56%        N/A       1%          4
z - Passwall              Tmut/Erth      46%        N/A       1%          2

Your spell library contained the following spells:

 Spells                   Type           Power      Damage    Failure   Level
 Leda's Liquefaction      Hex/Erth       20%        N/A       4%          4
 Call Canine Familiar     Summ           15%        N/A       12%         3
 Portal Projectile        Hex/Tloc       30%        N/A       12%         3
 Borgnjor's Revivificati  Necr           7%         N/A       100%        8
 Necromutation            Tmut/Necr      16%        N/A       100%        8
 Death's Door             Necr           7%         N/A       100%        9


Dungeon Overview and Level Annotations

Branches:
Dungeon (8/15)             Temple (1/1) D:4
   Lair: D:8-11

Altars:
Ashenzari
Cheibriados
Dithmenos
Elyvilon
Fedhas
Gozag
Kikubaaqudgha
Makhleb
Nemelex Xobeh
Okawaru
Qazlal
Ru
Trog
Uskayaw
Vehumet
Xom
Yredelemnul
The Shining One

Shops:
D:1 (


Message History

The gnoll sergeant hits you from afar with a +0 spear.
* * * LOW HITPOINT WARNING * * *
As you read the scroll of fear, it crumbles to dust.
You assume a fearsome visage.
The gnoll sergeant looks frightened!
The steam dragon looks frightened!
A centaur warrior and a cyclops come into view.
A centaur and a meliai come into view.
The centaur is wielding a +3 falchion of holy wrath.
The meliai buzzes angrily.
The centaur unwields a +3 falchion of holy wrath.
It stops glowing.
The centaur wields a +0 shortbow.
The centaur shoots an arrow.
The arrow closely misses you.
A boulder beetle comes into view.
A deep elf pyromancer comes into view. It is wielding a +0 long sword.
The centaur warrior moves out of view.
The cyclops moves out of view.
Press: ? - help, v - describe, . - travel
Here: a meliai, wielding a +0 hand axe, wearing a +0 leather armour and wearing an amulet of reflection (reflecting blocked projectiles)
The floor.
You feel better. The meliai hits you with a +0 hand axe!
* * * LOW HITPOINT WARNING * * *
The meliai stings you but does no damage.
The deep elf pyromancer gestures wildly while chanting.
The deep elf pyromancer blinks!
As you read the scroll of fear, it crumbles to dust.
You assume a fearsome visage.
The centaur looks frightened!
The meliai looks frightened!
The boulder beetle resists with some effort.
The deep elf pyromancer resists with some effort.
The white imp looks frightened!
The deep elf pyromancer mumbles some strange words.
A basilisk comes into view.
The deep elf pyromancer attacks as you move away!
The deep elf pyromancer hits you but does no damage.
You see here a potion of curing.
As you read the scroll of teleportation, it crumbles to dust.
You feel strangely unstable.
The deep elf pyromancer closely misses you.
A wraith comes into view.
The fire elemental hits you. The fire elemental burns you!
You die...

. ..# #. .#. .. .# .....#
#. y.##o #... ....## #B
#.#5 5#.# #.... #. #..
C..# #...# #.#.# ).#.# #
#..# #.○.##.##.W.#
###..########☼#e....#.#
#[..........##☼.###..#
..#..##.###..##E@#..# .
.........###..###.###...#
§§§......# ##...........#
.§§..#...# #####......##
#§≈..##<## ########
#.§§###.# #.≈.# #.#
#§≈.###.# #.≈.##..#


You could see a deep elf pyromancer and a fire elemental (summoned).

Vanquished Creatures
  A troll (D:6)
  Prince Ribbit (D:7)
  Eustachio (D:4)
  A steam dragon (D:7)
  4 water moccasins
  2 orc warriors
  3 ice beasts
  A centaur (D:7)
  2 ogres
  2 phantoms
  Blork the orc (D:6)
  2 bullfrogs
  2 necrophages
  A gnoll sergeant (D:7)
  2 scorpions (D:5)
  12 wights
  2 gnoll boudas
  4 hounds
  3 orc priests
  3 jellies (D:5)
  2 iguanas
  6 orc wizards
  Robin (D:3)
  6 adders
  14 gnolls
  2 white imps
  An ufetubus (D:6)
  4 worms
  2 dart slugs
  16 orcs
  5 endoplasms
  3 giant cockroaches
  18 goblins
  3 hobgoblins
  4 jackals (D:1)
  3 quokkas
  7 ball pythons
  6 bats
  2 frilled lizards
  8 kobolds
  34 rats
197 creatures vanquished.

Vanquished Creatures (others)
  11 plants (D:1)
11 creatures vanquished.

Grand Total: 208 creatures vanquished

Notes
Turn   | Place    | Note
-------+----------+-------------------------------------------
     0 | D:1      | Heoruswealwe the Deep Elf Earth Elementalist began the
                  | quest for the Orb.
     0 | D:1      | Reached XP level 1. HP: 10/10 MP: 6/6
     0 | D:1      | Found Wete's Antique Weapon Shop.
   143 | D:1      | Reached XP level 2. HP: 15/15 MP: 4/8
   146 | D:1      | Learned a level 2 spell: Passwall
   799 | D:1      | Reached XP level 3. HP: 19/19 MP: 8/10
   803 | D:1      | Learned a level 3 spell: Stone Arrow
   970 | D:2      | Found a glowing golden altar of the Shining One.
   994 | D:2      | Reached skill level 4 in Spellcasting
  1320 | D:2      | Reached XP level 4. HP: 13/24 MP: 6/12
  1339 | D:2      | Learned a level 4 spell: Petrify
  1759 | D:3      | Found a bloodstained altar of Trog.
  1812 | D:3      | Found an iron altar of Okawaru.
  1915 | D:3      | Found a broken altar of Ashenzari.
  2034 | D:3      | Noticed Robin
  2041 | D:3      | Reached skill level 5 in Spellcasting
  2049 | D:3      | Killed Robin
  2203 | D:3      | Found an opulent altar of Gozag.
  2224 | D:3      | Reached XP level 5. HP: 28/28 MP: 10/14
  2499 | D:4      | Noticed an ogre
  2506 | D:4      | Killed an ogre
  2507 | D:4      | Reached skill level 5 in Earth Magic
  2508 | D:4      | Reached XP level 6. HP: 4/32 MP: 8/16
  2512 | D:4      | Reached skill level 6 in Spellcasting
  2532 | D:4      | Noticed Eustachio
  2801 | D:4      | Killed Eustachio
  2931 | D:4      | Found a stormy altar of Qazlal.
  2952 | D:4      | Found a staircase to the Ecumenical Temple.
  2993 | Temple   | Entered the Ecumenical Temple
  3454 | D:5      | Entered Level 5 of the Dungeon
  3456 | D:5      | Reached XP level 7. HP: 36/36 MP: 17/19
  3514 | D:5      | Reached skill level 7 in Spellcasting
  3723 | D:5      | Reached skill level 8 in Spellcasting
  3820 | D:5      | Reached XP level 8. HP: 38/41 MP: 17/22
  4287 | D:6      | Reached skill level 9 in Spellcasting
  4329 | D:6      | Reached skill level 5 in Transmutations
  4329 | D:6      | Noticed Blork the orc
  4332 | D:6      | Killed Blork the orc
  4332 | D:6      | Noticed a troll
  4336 | D:6      | Killed a troll
  4339 | D:6      | Reached skill level 10 in Spellcasting
  4367 | D:6      | Reached XP level 9. HP: 12/45 MP: 9/25
  4712 | D:6      | Found a shadowy altar of Dithmenos.
  4712 | D:6      | Found a shimmering altar of Xom.
  4947 | D:7      | Reached skill level 11 in Spellcasting
  4972 | D:7      | Noticed Prince Ribbit
  4977 | D:7      | Killed Prince Ribbit
  5069 | D:7      | HP: 1/45 [centaur/arrow (7)]
  5071 | D:7      | Reached skill level 10 in Earth Magic
  5519 | D:7      | Reached skill level 12 in Spellcasting
  5868 | D:8      | Found a radiant altar of Vehumet.
  5873 | D:8      | Reached XP level 10. HP: 50/50 MP: 26/28
  5903 | D:8      | Became a worshipper of Vehumet
  5948 | D:8      | HP: 1/50 [gnoll sergeant/+0 spear (4)]
  5950 | D:8      | Noticed a centaur warrior
  5950 | D:8      | Noticed a cyclops
  5950 | D:8      | Noticed a boulder beetle
  5950 | D:8      | Noticed a deep elf pyromancer
  5956 | D:8      | Mangled by a fire elemental

Illustrated notes

Levels and vault maps discovered:
D:1:      dpeg_arrival_ratfight, layout_basic, serial_shops,
          nicolae_square_shop, serial_bayou_pond_b
D:2:      minmay_wonky_spiral, layout_basic, basic_altar
D:3:      layout_loops_ring, grunt_gozag_statues,
          mainiacjoe_overflow_surrounded_room, lemuel_doored_altar,
          nicolae_ashenzari_skybound, minmay_rat_hole, uniq_robin
D:4:      layout_loops_ring, mainiacjoe_overflow_paths,
          minmay_temple_entry_grid, nicolae_elevator_lobby_plus, uniq_eustachio
D:5:      layout_loops_ring, guppyfry_early_orc_mine
D:6:      layout_rooms, gammafunk_temple_overflow_elements, uniq_blork_the_orc
D:7:      layout_gridville, hex_medium, hangedman_decor_opposing,
          chequers_serial_rivers_room_a, uniq_prince_ribbit1
D:8:      minmay_the_grid_octo_tiled_squarecenter
          [minmay_the_grid_octo_clover_2, minmay_the_grid_octo_clover,
          minmay_the_grid_octo_teeth, minmay_the_grid_octo_focus,
          minmay_the_grid_square_5x5_megaprize_checkered,
          minmay_the_grid_square_5x5_half_checkered,
          minmay_the_grid_square_5x5_inverted_slash,
          minmay_the_grid_square_5x5_inner_v,
          minmay_the_grid_square_5x5_minimal], layout_cave_pools,
          mainiacjoe_overflow_alcove_2, mainiacjoe_overflow_brackets,
          general_overflow_altar, nicolae_overflow_crystal_walls, uniq_maggie,
          uniq_pikel, uniq_maurice
Temple:   nicolae_temple_two_arcs

Skill      XL: |  1  2  3  4  5  6  7  8  9 |
---------------+----------------------------+-----
Spellcasting   | 4 5 6 8 10 12 | 12.3
Earth Magic    | 4 5 6 7 8 10 | 10.5
Transmutations | 2 3 4 5 7 |  7.0
Dodging        | |  2.4
Stealth        | |  2.4

Action                   |  1- 3 |  4- 6 |  7- 9 | 10-12 || total
-------------------------+-------+-------+-------+-------++-------
Melee: Unarmed           |    51 |       |       |       ||    51
       Hand axe          |       |    18 |       |       ||    18
       Punch             |       |     1 |       |       ||     1
       Long sword        |       |       |    10 |       ||    10
 Cast: Sandblast         |    59 |    98 |   153 |     9 ||   319
       Passwall          |     2 |     4 |     2 |       ||     8
  Use: Scroll            |       |       |    10 |     3 ||    13
       Potion            |       |       |       |     2 ||     2
Armor: Robe              |    11 |    12 |    19 |     6 ||    48
Dodge: Dodged            |    12 |    34 |    38 |    10 ||    94
